 Dungeon Crawl Stone Soup version 0.19.5 (webtiles) character file.

1075 equalderp2856 the Gouger (level 8, 0/36 HPs)
             Began as a Felid Fighter on Mar 13, 2017.
             Slain by a centaur (7 damage)
             ... on level 7 of the Dungeon.
             The game lasted 00:17:29 (8254 turns).

equalderp2856 the Gouger (Felid Fighter)            Turns: 8254, Time: 00:17:30

Health: 0/36       AC:  2    Str: 13    XL:     8   Next: 8%
Magic:  9/9        EV: 22    Int:  9    God:
Gold:   315        SH:  0    Dex: 17    Spells: 0 memorised, 7 levels left
                                        Lives:  0   Deaths: 2

rFire  . . .     SeeInvis +       - Unarmed
rCold  . . .     Gourm    .     (armour unavailable)
rNeg   . . .     Faith    .     (shield unavailable)
rPois  .         Spirit   .     (helmet unavailable)
rElec  .         Reflect  .     (cloak unavailable)
rCorr  .         Harm     .     (gloves unavailable)
MR     +....                    (boots unavailable)
Stlth  ++++......               (no amulet)
                                (no ring)
                                (no ring)

@: quick
A: no armour, no weapons or thrown items, stealth, claws 1, fangs 3, see
invisible, carnivore 3, speed 1, shaggy fur 2, slow metabolism 1, sharp paws
a: no special abilities


You were on level 7 of the Dungeon.
You were not hungry.

You visited 2 branches of the dungeon, and saw 8 of its levels.
You also visited: Sewer.

You collected 315 gold pieces.

Inventory:

Missiles
 k - 97 arrows
Jewellery
 h - a cursed -3 ring of strength {unknown}
 t - an uncursed amulet of rage {unknown}
Wands
 o - a wand of teleportation (4/9)
 q - a wand of polymorph (13/24)
 C - a wand of confusion (25/48)
Scrolls
 a - a scroll of blinking {unknown}
 d - 6 scrolls of identify {unknown}
 e - 3 scrolls of remove curse {unknown}
 f - a scroll of magic mapping {unknown}
 j - 5 scrolls of teleportation {unknown}
 m - 2 scrolls of noise {unknown}
 p - 2 scrolls of recharging {unknown}
 r - 3 scrolls of fear {unknown}
 s - a scroll of fog {unknown}
 v - 2 scrolls of immolation {unknown}
 y - a scroll of amnesia {unknown}
Potions
 g - a potion of magic {unknown}
 l - a potion of agility
 u - a potion of experience {unknown}
 w - a potion of might
 x - a potion of ambrosia {unknown}
 z - a potion of brilliance {unknown}
 B - 5 potions of curing {unknown}
 D - a potion of berserk rage {unknown}
 F - a potion of cure mutation {unknown}
Books
 A - a book of Frost

   Spells                             Type                      Level
   a - Freeze                         Ice                          1
   b - Throw Frost                    Conjuration/Ice              2
   c - Ozocubu's Armour               Charms/Ice                   3
   d - Throw Icicle                   Conjuration/Ice              4
   e - Summon Ice Beast               Ice/Summoning                4
Comestibles
 b - 3 meat rations
 c - 3 beef jerkies
 i - 2 fruits
 n - 3 bread rations
 E - 2 slices of pizza


   Skills:
 + Level 4.5 Fighting
 + Level 6.7 Dodging
 + Level 5.5 Stealth
 + Level 9.7 Unarmed Combat


You had 7 spell levels left.
You didn't know any spells.

Dungeon Overview and Level Annotations

Branches:
Dungeon (7/15)             Temple (1/1) D:4

Altars:
Ashenzari
Cheibriados
Dithmenos
Elyvilon
Fedhas
Hepliaklqana
Kikubaaqudgha
Makhleb
Nemelex Xobeh
Okawaru
Qazlal
Ru
Sif Muna
Trog
Uskayaw
Vehumet
Xom
Yredelemnul
Zin
The Shining One


Innate Abilities, Weirdness & Mutations

You cannot wear armour.
You are incapable of wielding weapons or throwing items.
Your paws allow you to move quietly. (Stealth)
You have sharp claws.
You have razor-sharp teeth.
You have supernaturally acute eyesight. (SInv)
You are carnivorous and can eat meat at any time.
You cover ground quickly.
You are covered in thick fur. (AC +2)
You have a slow metabolism.
Your sharp claws are effective at attacking unaware monsters.


Message History

There is a stone staircase leading up here.
You start resting.
You hear a distant blaring wail to the northeast.
A centaur comes into view.
The centaur completely misses you. x2
You completely miss the centaur. You bite the centaur, but do no damage.
The centaur barely misses you.
You scratch the centaur.
The centaur is lightly wounded.
The centaur completely misses you.
You scratch the centaur but do no damage.
The centaur is lightly wounded.
The centaur misses you.
You barely miss the centaur.
The centaur is lightly wounded.
The centaur closely misses you.
You scratch the centaur but do no damage.
The centaur is lightly wounded.
The centaur hits you!
You die... ########.# #.c@.<...# #.######## #

You could see a centaur.

Vanquished Creatures
  Pikel (D:6)
  Sigmund (D:5)
  Purgy (Sewer)
  An ogre (D:4)
  A centaur (D:6)
  2 scorpions (D:4)
  A howler monkey (D:5)
  3 hounds
  3 orc wizards
  A bullfrog skeleton (D:4)
  2 orc priests (D:5)
  4 worker ants
  2 iguanas
  A hound skeleton (D:3)
  3 gnolls (D:4)
  8 adders
  An ooze (D:5)
  An adder zombie (D:6)
  4 worms
  4 dart slugs
  5 leopard geckos
  9 orcs
  A ball python (D:5)
  9 giant cockroaches
  6 goblins
  6 hobgoblins
  9 jackals
  15 kobolds
  2 quokkas
  7 bats
  5 frilled lizards
  9 rats
128 creatures vanquished.

Notes
Turn   | Place    | Note
-------+----------+-------------------------------------------
     0 | D:1      | equalderp2856 the Felid Fighter began the quest for the Orb.
     0 | D:1      | Reached XP level 1. HP: 10/10 MP: 2/2
   205 | D:1      | Reached XP level 2. HP: 14/14 MP: 3/3
  1472 | D:2      | Reached XP level 3. HP: 8/17 MP: 4/4
  1730 | D:2      | Reached skill level 1 in Stealth
  1730 | D:2      | Reached skill level 5 in Unarmed Combat
  1864 | D:2      | Reached XP level 4. HP: 17/21 MP: 5/5
  1944 | D:2      | Found a snail-covered altar of Cheibriados.
  2665 | D:3      | Reached XP level 5. HP: 12/24 MP: 6/6
  3516 | D:3      | HP: 1/24 [hound (1)]
  3516 | D:3      | Slain by a hound
  3517 | D:3      | Reached XP level 4. HP: -2/21 MP: 5/5
  3566 | D:4      | Found a glowing drain.
  3599 | Sewer    | Entered a sewer
  3623 | Sewer    | Reached XP level 5. HP: 9/24 MP: 6/6
  3858 | Sewer    | Noticed Purgy
  3882 | Sewer    | Killed Purgy
  3882 | Sewer    | Reached skill level 5 in Dodging
  3882 | Sewer    | Reached skill level 6 in Unarmed Combat
  4225 | D:4      | Gained mutation: You are covered in thick fur. (AC +2) [Felid growth]
  4225 | D:4      | Reached XP level 6. HP: 25/28 MP: 7/7
  5038 | D:4      | Found a staircase to the Ecumenical Temple.
  5560 | Temple   | Entered the Ecumenical Temple
  5967 | D:4      | Reached skill level 7 in Unarmed Combat
  6105 | D:5      | Entered Level 5 of the Dungeon
  6121 | D:4      | Reached XP level 7. HP: 31/31 MP: 8/8
  6502 | D:5      | Noticed Sigmund
  6519 | D:5      | Killed Sigmund
  6780 | D:5      | Reached skill level 8 in Unarmed Combat
  6844 | D:5      | Found a bloodstained altar of Trog.
  7552 | D:5      | Noticed Pikel
  7903 | D:6      | Reached XP level 8. HP: 27/36 MP: 9/9
  8119 | D:6      | Killed from afar by Pikel
  8120 | D:6      | Reached XP level 7. HP: -1/33 MP: 8/8
  8224 | D:6      | Killed Pikel
  8224 | D:6      | Reached skill level 5 in Stealth
  8224 | D:6      | Reached skill level 9 in Unarmed Combat
  8224 | D:6      | Reached XP level 8. HP: 30/36 MP: 9/9
  8254 | D:7      | Slain by a centaur

Skill      XL: |  1  2  3  4  5  6  7 |
---------------+----------------------+-----
Stealth        | 1 3 5 |  5.5
Unarmed Combat | 5 6 7 9 |  9.7
Dodging        | 5 6 |  6.7
Fighting       | 4 |  4.5

Action                   |  1- 3 |  4- 6 |  7- 9 || total
-------------------------+-------+-------+-------++-------
Melee: Unarmed           |    94 |   187 |   124 ||   405
       Bite              |    10 |    15 |    11 ||    36
       Punch             |     1 |     3 |     6 ||    10
  Use: Potion            |       |     5 |       ||     5
 Stab: Sleeping          |     3 |     4 |     3 ||    10
  Eat: Chunk             |     4 |     6 |       ||    10
       Beef jerky        |       |       |     1 ||     1
Armor: Skin              |     5 |    10 |     4 ||    19
Dodge: Dodged            |    72 |   166 |    84 ||   322
